AoeStats
← [KMNB] Bandeira

Lombardia

508623773Analyzed
2v2 RM · 10d ago on Sep 23, 2026· 52m 35s· 4 players
Game mode
Random Map
Map size
Medium (4 player)
Population
200
Speed
Normal
Resources
Standard
Victory
Conquest
Starting age
Dark Age
Ending age
Imperial Age
RankedLock teamsTeams togetherTeam positionsShared explorationLock speedFull tech treeHidden civsTurbo modeCheats
Victory
Defeat
🇧🇷 Magyars · Brazil
1547
+21
🇧🇷 Italians · Brazil
1503
+23
🇬🇧 Varangians · United Kingdom
1665
-22
🇬🇧 Saxons · United Kingdom
1651
-22
James
7:17 Loom
9:30 Feudal Age
10:03 Double-Bit Axe
18:55 Bloodlines
18:52 Scale Barding Armor
20:19 Forging
24:14 Wheelbarrow
26:40 Castle Age
26:59 Light Cavalry
28:25 Chain Barding Armor
28:24 Fletching
34:53 Bodkin Arrow
46:08 Horse Collar
49:58 Imperial Age
49:21 Hand Cart
50:58 Hussar
Reilled
9:02 Loom
11:50 Feudal Age
13:48 Double-Bit Axe
16:05 Castle Age
14:11 Horse Collar
25:02 Bow Saw
27:09 Wheelbarrow
28:22 Fletching
30:47 Bodkin Arrow
30:16 Crossbowman
32:21 Ballistics
32:14 Padded Archer Armor
31:55 Treadmill Crane
35:28 Thumb Ring
37:58 Imperial Age
37:03 Leather Archer Armor
37:01 Guard Tower
38:41 Bracer
39:43 Chemistry
39:34 Ring Archer Armor
38:31 Arbalester
40:04 Hand Cart
42:59 Keep
42:52 Arrowslits
45:01 Conscription
45:08 Masonry
45:15 Town Watch
46:16 Ring Archer Armor
47:36 Siege Engineers
47:27 Murder Holes
48:04 Architecture
52:24 Squires
52:53 Scale Mail Armor
52:19 Pikeman
[KMNB] Dedão
6:49 Loom
9:15 Feudal Age
10:06 Double-Bit Axe
13:14 Fletching
16:19 Horse Collar
19:14 Wheelbarrow
21:54 Castle Age
20:16 Gold Mining
22:01 Crossbowman
22:39 Bodkin Arrow
23:02 Bow Saw
23:08 Stone Mining
23:22 Heavy Plow
23:34 Padded Archer Armor
26:32 Ballistics
29:08 Hand Cart
34:03 Imperial Age
31:53 Town Watch
32:37 Thumb Ring
35:51 Chemistry
34:14 Arbalester
35:02 Bracer
35:19 Leather Archer Armor
36:12 Crop Rotation
36:43 Two-Man Saw
36:12 Conscription
38:41 Coinage
39:51 Masonry
41:06 Stone Shaft Mining
45:24 Ring Archer Armor
45:05 Forging
45:02 Scale Barding Armor
46:06 Town Patrol
46:15 Elite Genoese Crossbowman
46:53 Light Cavalry
47:45 Bloodlines
47:35 Husbandry
48:15 Iron Casting
48:01 Chain Barding Armor
47:38 Hussar
52:07 Plate Barding Armor
52:41 Blast Furnace
51:46 Caravan
[KMNB] Bandeira
5:08 Loom
9:31 Feudal Age
13:17 Double-Bit Axe
13:15 Horse Collar
19:47 Scale Barding Armor
20:06 Bloodlines
24:02 Castle Age
24:48 Husbandry
26:46 Wheelbarrow
28:05 Chain Barding Armor
35:45 Husbandry
36:04 Bow Saw
43:27 Imperial Age
41:16 Hand Cart
42:08 Fletching
43:57 Cavalier
46:13 Plate Barding Armor
46:14 Paladin
51:59 Conscription
Connection lost

Rejoining the realm…

Still unreachable

The connection could not be restored.

Session expired

The server has moved on; the page needs a fresh start.